 Dungeon Crawl Stone Soup version 0.31-a0-618-g7ca08c1ff9 (webtiles) character file.

Game seed: 5797718959716009883

39 Hubris850 the Changeling (level 3, -2/26 HPs)
             Began as a Merfolk Shapeshifter on Aug 22, 2023.
             Was a Follower of Kikubaaqudgha.
             Slain by a gnoll
             ... wielding a +0 spear
              (6 damage)
             ... on level 2 of the Dungeon.
             The game lasted 00:04:53 (1301 turns).

Hubris850 the Changeling (Merfolk Shapeshifter)     Turns: 1301, Time: 00:04:54

Health: -2/26      AC:  5    Str: 15    XL:     3   Next: 45%
Magic:  3/3        EV: 12    Int:  9    God:    Kikubaaqudgha [*.....]
Gold:   99         SH:  0    Dex: 20    Spells: 2/2 levels left

rFire   . .          .
                       - Unarmed
rCold   . . .        (no shield)
rNeg    . . .        m - +0 ring mail
rPois   .            (helmet currently unavailable)
rElec   .            (cloak currently unavailable)
rCorr   .            (gloves currently unavailable)
SInv    .            (boots currently unavailable)
Will    .....        (no amulet)
Stlth   +            n - +6 ring of dexterity
HPRegen 0.24/turn    (no ring)
MPRegen 0.08/turn

%: no passive effects
@: beast-form
A: beast (slay +2), (nimble swimmer 2), mertail
a: Begin Untransformation, Renounce Religion, Unearth Wretches


You were on level 2 of the Dungeon.
You worshipped Kikubaaqudgha.
Kikubaaqudgha was aware of your devotion.
You were a hulking beast.
You visited 1 branch of the dungeon, and saw 2 of its levels.

You collected 99 gold pieces.

Inventory:

Missiles
 g - 5 atropa-tipped darts
Armour
 a - a +0 animal skin
 f - a +0 leather armour
 k - a +0 hat
 m - a +0 ring mail (worn)
Jewellery
 n - a +6 ring of dexterity (left hand)
Talismans
 c - a beast talisman (active)
 d - a flux talisman
 p - a serpent talisman
Scrolls
 e - a scroll of teleportation
 i - a scroll of revelation
 l - a scroll of blinking {unknown}
Potions
 b - a potion of lignification
 h - 2 potions of mutation
 j - a potion of curing
 o - a potion of heal wounds


   Skills:
 - Level 1.1 Fighting
 - Level 3.4 Dodging
 + Level 4.0 Unarmed Combat
 + Level 4.6 Shapeshifting


You had 2 spell levels left.
You didn't know any spells.
Your spell library contained the following spells:

 Spells                   Type           Power      Damage    Failure   Level
 Kiss of Death            Conj/Necr      0%         2d5       63%         1
 Necrotise                Necr           0%         1d4       63%         1
 Vampiric Draining        Necr           0%         2d6       94%         3
 Animate Dead             Necr           0%         N/A       100%        4


Dungeon Overview and Level Annotations

Branches:
Dungeon (2/15)

Altars:
Kikubaaqudgha


Innate Abilities, Weirdness & Mutations

You are a hulking beast.
Your limbs bulge with bestial killing power. (Slay +2)
((You are very nimble when in or above water. (Stealth+, EV+, Speed+++)))
Your lower body shifts to a powerful aquatic tail in water.


Message History

You hit the kobold.
You kill the kobold!
Kikubaaqudgha accepts your kill.
No target in view!
No target in view!
h - 2 potions of mutation (gained 1)
You now have 99 gold pieces (gained 10).
l - a scroll labelled TENESU VASO You see here a frilled lizard skeleton.
You open the door. 2 jackals and a gnoll come into view.
The gnoll is wielding a +0 spear.
The jackal barks! x2; The gnoll shouts!
The gnoll throws a throwing net.
The throwing net barely misses you.
You hit the jackal.
You kill the jackal!
Kikubaaqudgha accepts your kill. The jackal closely misses you.
You hit the jackal.
You kill the jackal!
Kikubaaqudgha accepts your kill.
The gnoll hits you from afar with a +0 spear!
Your Unarmed Combat skill increases to level 4!
The gnoll hits you with a +0 spear.
There is an open door, spattered with blood here.
You see here a jackal corpse.
You hit the gnoll.
The gnoll is moderately wounded.
The gnoll hits you with a +0 spear.
You hit the gnoll but do no damage.
The gnoll is moderately wounded.
The gnoll hits you with a +0 spear.
You barely miss the gnoll.
The gnoll is moderately wounded.
The gnoll hits you with a +0 spear.
* * * LOW HITPOINT WARNING * * *
You barely miss the gnoll.
The gnoll is moderately wounded.
The gnoll hits you with a +0 spear.
You die...
Kikubaaqudgha rasps: "You have failed me!
Welcome... death!"

......#.##.#.##..###...#####.###.
.####.#.##.#...........# #.###.
......#.##....##.###...# #.....
#######.##.#.###.# ### #.####
#......###.# # #....#
####.......###.# #.##.#
#.##...(....### #.##.#
#)##..P.P.....# #.....
#.#####h###...# ####.# #.# #..g+
..# #.# #.# #...# .# #.# #..
#...+ # #.# ### ##### #.# ..# ###


You could see a gnoll.

Vanquished Creatures
  2 dart slugs (D:1)
  2 endoplasms
  A giant cockroach (D:2)
  5 goblins
  3 hobgoblins
  2 jackals (D:2)
  3 kobolds
  A quokka (D:1)
  2 ball pythons (D:2)
  4 bats
  3 frilled lizards
  4 rats
32 creatures vanquished.

Notes
Turn   | Place    | Note
-------+----------+-------------------------------------------
     0 | D:1      | Hubris850 the Merfolk Shapeshifter began the quest for the
                  | Orb.
     0 | D:1      | Reached XP level 1. HP: 15/15 MP: 1/1
   231 | D:1      | Reached XP level 2. HP: 21/21 MP: 2/2
   516 | D:1      | Found a faded altar of an unknown god.
   529 | D:1      | Reached XP level 3. HP: 23/26 MP: 3/3
   844 | D:1      | Prayed at the altar of an unknown god.
   844 | D:1      | Became a worshipper of Kikubaaqudgha
   844 | D:1      | Reached * piety under Kikubaaqudgha
   844 | D:1      | Received a gift from Kikubaaqudgha
  1301 | D:2      | Slain by a gnoll

Illustrated notes

Levels and vault maps discovered:
D:1:      lightli_arrival_lavapool, layout_basic,
          shapermc_ecumenical_altar_venn, minmay_hexomino_c4
D:2:      layout_loops_cross, cheibrodos_gnoll_hut

Skill      XL: |  1  2  3 |
---------------+----------+-----
Dodging        | 3 |  3.4
Unarmed Combat | 4 |  4.0
Fighting       | |  1.1
Shapeshifting  | |  4.6

Action                     || total
---------------------------++-------
  Melee: Unarmed           ||    84
         Punch             ||     3
    Use: Scroll            ||     6
         Potion            ||     1
   Stab: Sleeping          ||     1
 Armour: Leather armour    ||    10
         Ring mail         ||     3
  Dodge: Dodged            ||    43

Table legend: (Time is in decaauts)
 A = Elapsed time spent in this place.
 B = Non-inter-level travel time spent in this place.
 C = Inter-level travel time spent in this place.
 D = Time resting spent in this place.
 E = Time spent auto-exploring this place.
 F = Levels seen in this place.
 G = Mean time per level.
                   A        B        C        D        E       F      G
               +--------+--------+--------+--------+--------+-----+--------+
         Total |   1294 |   1212 |     82 |      0 |    971 |   2 |  647.0 |
       Dungeon |   1294 |   1212 |     82 |      0 |    971 |   2 |  647.0 |
               +--------+--------+--------+--------+--------+-----+--------+

Top non-repeatable levels by time:
     D:1: 874 daAuts
     D:2: 419 daAuts
